AoeStats
← Narishma91

Arabia

510345289Analyzed
1v1 RM · 3d ago on Sep 30, 2026· 38m 4s· 2 players
Game mode
Random Map
Map size
Tiny (2 player)
Population
200
Speed
Normal
Resources
Standard
Victory
Conquest
Starting age
Dark Age
Ending age
Imperial Age
RankedLock teamsTeams togetherTeam positionsShared explorationLock speedFull tech treeHidden civsTurbo modeCheats
Victory
Defeat
🇧🇬 Britons · Bulgaria
653
+15
🇺🇸 Armenians · United States
629
-15
myaccnts117
2:59 Loom
12:34 Feudal Age
13:03 Man-at-Arms
13:30 Arson
13:38 Double-Bit Axe
13:46 Long Swordsman
15:30 Gold Mining
19:41 Scale Mail Armor
23:30 Forging
28:04 Padded Archer Armor
27:55 Fletching
Narishma91
11:34 Feudal Age
12:33 Double-Bit Axe
13:33 Horse Collar
18:55 Castle Age
17:00 Loom
18:16 Fletching
18:29 Padded Archer Armor
20:16 Bow Saw
20:10 Heavy Plow
20:09 Crossbowman
21:08 Bodkin Arrow
21:29 Leather Archer Armor
26:31 Wheelbarrow
27:11 Town Watch
28:48 Ballistics
37:56 Imperial Age
35:01 Light Cavalry
35:43 Husbandry
38:43 Bracer
Connection lost

Rejoining the realm…

Still unreachable

The connection could not be restored.

Session expired

The server has moved on; the page needs a fresh start.